 Dungeon Crawl Stone Soup version 0.29-a0-337-g68df138881 (webtiles) character file.

Game seed: 15647745841422611868

2207 GordonOverkill the Archer (level 9, -2/52 HPs)
             Began as a Deep Elf Hunter on Apr 16, 2022.
             Was an Initiate of Ashenzari.
             Killed from afar by a steam dragon (3 damage)
             ... with a ball of steam
             ... on level 7 of the Dungeon.
             The game lasted 00:21:10 (9879 turns).

GordonOverkill the Archer (Deep Elf Hunter)         Turns: 9879, Time: 00:21:10

Health: -2/52      AC: 14    Str: 12    XL:     9   Next: 13%
Magic:  11/11      EV: 11    Int: 21    God:    Ashenzari [......]
Gold:   252        SH:  0    Dex: 18    Spells: 8/8 levels left

rFire   . . .      SeeInvis .   a - +1 shortbow
rCold   + . .      Faith    .   (shield currently unavailable)
rNeg    . . .      Spirit   .   s - +4 ring mail {rC+}
rPois   +          Reflect  .   m - +1 helmet
rElec   .          Harm     .   r - +1 cloak
rCorr   .          Rampage  .   (no gloves)
Will    .....                   (no boots)
Stlth   +.........              (no amulet)
HPRegen 0.17/turn               l - +6 ring of intelligence
MPRegen 0.12/turn               h - ring of Ashenzari's Pessimism {rPois, Evo, Fort} (curse)

@: studying Long Blades
A: no striking features
a: Renounce Religion, Curse Item, Shatter the Chains


You were on level 7 of the Dungeon.
You worshipped Ashenzari.
Ashenzari was noncommittal.
You visited 1 branch of the dungeon, and saw 7 of its levels.

You collected 404 gold pieces.
You spent 152 gold pieces at shops.

Inventory:

Hand Weapons
 a - a +1 shortbow (weapon)
 t - a +1 mace of venom
Missiles
 i - a throwing net
Armour
 m - a +1 helmet (worn)
 r - a +1 cloak (worn)
 s - a +4 ring mail of cold resistance (worn)
Jewellery
 h - the cursed ring of Ashenzari's Pessimism (right hand) {rPois, Evo, Fort}
   (You found it on level 4 of the Dungeon)

   [ring of poison resistance]

   rPois:     It protects you from poison.
   It has a curse which improves the following skills: Evocations: Evocations.
   Fortitude: Armour and Shields.
 j - a ring of fire
 k - a ring of flight
 l - a +6 ring of intelligence (left hand)
Wands
 n - a wand of acid (4)
Scrolls
 b - 2 scrolls of magic mapping
 c - 3 scrolls of immolation
 o - a scroll of teleportation
 p - 2 scrolls of blinking
Potions
 d - 2 potions of curing
 e - a potion of flight
 f - a potion of resistance
 g - a potion of brilliance
 q - a potion of heal wounds


   Skills:
 + Level 4.2 Fighting
 + Level 12.7 Bows
 + Level 3.7(4.1) Armour
 - Level 2.4 Dodging
 - Level 1.2 Stealth
 - Level 4.7(5.1) Evocations


You had 8 spell levels left.
You didn't know any spells.
Your spell library contained the following spells:

 Spells                   Type           Power      Damage    Failure   Level
 Animate Skeleton         Necr           0%         N/A       36%         1
 Pain                     Necr           0%         1d4       36%         1
 Slow                     Hex            0%         N/A       36%         1
 Scorch                   Fire           0%         2d5       50%         2
 Static Discharge         Conj/Air       0%         N/A       50%         2
 Call Canine Familiar     Summ           0%         N/A       75%         3
 Confusing Touch          Hex            0%         N/A       75%         3
 Portal Projectile        Hex/Tloc       0%         N/A       75%         3
 Vampiric Draining        Necr           0%         2d6       75%         3
 Dispel Undead            Necr           0%         3d6       98%         4
 Flame Wave               Conj/Fire      0%         2d4       98%         4
 Leda's Liquefaction      Hex/Erth       0%         N/A       98%         4
 Sticky Flame             Conj/Fire      0%         2d3       98%         4
 Lightning Bolt           Conj/Air       0%         1d11      100%        5
 Summon Forest            Summ/Tloc      0%         N/A       100%        5
 Eringya's Noxious Bog    Tmut/Pois      0%         N/A       100%        6
 Summon Cactus Giant      Summ           0%         N/A       100%        6
 Summon Hydra             Summ           0%         N/A       100%        7
 Maxwell's Capacitive Co  Air            0%         ∞         100%        8


Dungeon Overview and Level Annotations

Branches:
Dungeon (7/15)             Temple (0/1) D:4

Altars:
Ashenzari
Elyvilon
Gozag
Hepliaklqana
Kikubaaqudgha
Vehumet
Xom
Yredelemnul

Shops:
D:5 *


Message History

You shoot an arrow. The arrow hits the jelly.
The jelly is lightly wounded.
A vampire comes into view.
You shoot an arrow. The arrow hits the jelly.
The jelly is moderately wounded.
The jelly hits you but does no damage.
You shoot an arrow. The arrow hits the jelly!
The jelly is severely wounded.
The jelly hits you but does no damage.
You shoot an arrow. The arrow hits the jelly.
The jelly is almost dead.
The jelly closely misses you.
You shoot an arrow.
The arrow hits the jelly but does no damage.
The jelly is almost dead.
The jelly hits you but does no damage.
You shoot an arrow. The arrow hits the jelly.
You kill the jelly!
You shoot an arrow.
The arrow closely misses the steam dragon.
The steam dragon bites you but does no damage.
The steam dragon claws you but does no damage.
You shoot an arrow.
The arrow closely misses the steam dragon.
The steam dragon breathes steam at you. The ball of steam hits you!
You are too injured to fight recklessly!
You are too injured to fight recklessly!
You are too injured to fight recklessly!
The vampire is engulfed in a cloud of scalding steam.
You see here 13 stones.
The steam dragon breathes steam at you. The ball of steam hits you!!
* * * LOW HITPOINT WARNING * * *
The steam dragon breathes steam at you. The ball of steam hits you!!
* * * LOW HITPOINT WARNING * * *
The steam dragon breathes steam at you. The ball of steam hits you.
You die...

#.# #..#.####V#
##.###..#V# ..
##...##....# .....
##.....#.#.##.......
#........D...........
##......§§...........#
#....#§§.........
#.#.#§#§####.....
#.#.§§@.....####.
#.#§.§#.##...#
#.#.#.#... ...
###.#.#.#.##...# #..
#.#.#.# .##
#.###.#.#.. ..
#.#.....##. #
##.#.....# .
#........#


There were no monsters in sight!

Vanquished Creatures
  Grinder (D:3)
  Sigmund (D:3)
  A human (D:5)
  2 steam dragons (D:6)
  Edmund (D:6)
  Duvessa (D:4)
  A black bear (D:6)
  2 ogres (D:4)
  2 phantoms
  3 scorpions
  Dowan (D:4)
  2 hounds
  2 orc priests (D:6)
  Crazy Yiuf (D:3)
  A gnoll shaman (D:4)
  3 jellies
  Terence (D:2)
  3 iguanas
  Robin (D:2)
  8 gnolls
  5 adders
  A white imp (D:6)
  3 worms (D:2)
  3 dart slugs
  6 orcs
  6 ball pythons
  9 bats
  6 endoplasms
  3 giant cockroaches
  13 goblins
  10 hobgoblins
  8 kobolds
  6 quokkas
  2 frilled lizards (D:1)
  A jackal zombie (D:5)
  4 rats
124 creatures vanquished.

Vanquished Creatures (others)
  21 plants (D:3)
21 creatures vanquished.

Grand Total: 145 creatures vanquished

Notes
Turn   | Place    | Note
-------+----------+-------------------------------------------
     0 | D:1      | GordonOverkill the Deep Elf Hunter began the quest for the
                  | Orb.
     0 | D:1      | Reached XP level 1. HP: 12/12 MP: 3/3
    59 | D:1      | Reached XP level 2. HP: 16/16 MP: 4/4
   153 | D:1      | Reached skill level 6 in Bows
   694 | D:2      | Reached XP level 3. HP: 20/20 MP: 5/5
   763 | D:2      | Reached skill level 7 in Bows
  1469 | D:2      | Noticed Terence
  1505 | D:2      | Killed Terence
  1506 | D:2      | Reached XP level 4. HP: 17/25 MP: 6/6
  1655 | D:2      | Noticed Robin
  1693 | D:2      | Killed Robin
  1713 | D:2      | Reached skill level 8 in Bows
  1915 | D:2      | Found a faded altar of an unknown god.
  2321 | D:3      | Found a runed translucent door.
  2322 | D:3      | Noticed Crazy Yiuf
  2441 | D:3      | Noticed Sigmund
  2451 | D:3      | Killed Sigmund
  2452 | D:3      | Reached skill level 9 in Bows
  2452 | D:3      | Reached XP level 5. HP: 17/29 MP: 7/7
  2452 | D:3      | Reached XP level 6. HP: 20/34 MP: 8/8
  2635 | D:3      | Found a broken altar of Ashenzari.
  2674 | D:3      | Became a worshipper of Ashenzari the Shackled
  2765 | D:3      | Noticed Grinder
  3049 | D:4      | Noticed Duvessa
  3059 | D:4      | Noticed Dowan
  3211 | D:4      | Killed Dowan
  3212 | D:4      | Reached skill level 10 in Bows
  3654 | D:3      | Paralysed by Grinder for 5 turns
  4430 | D:4      | Reached skill level 11 in Bows
  4430 | D:4      | Reached XP level 7. HP: 38/38 MP: 9/9
  4590 | D:4      | Found a staircase to the Ecumenical Temple.
  4634 | D:5      | Entered Level 5 of the Dungeon
  4752 | D:5      | Identified the +1 leather armour of the Armoured One
                  | {Int+4}
  5271 | D:4      | Found a white marble altar of Elyvilon.
  5500 | D:5      | You fall into a shaft and drop 1 floor!
  5540 | D:6      | Reached skill level 1 in Evocations
  5596 | D:5      | Identified the +3 leather armour of Peacig Soem {rC- rN+
                  | Int+3}
  5760 | D:5      | Found a runed translucent door.
  5760 | D:5      | Noticed a human
  5770 | D:5      | Found a basalt altar of Yredelemnul.
  5798 | D:5      | Killed a human
  5799 | D:5      | Reached skill level 1 in Armour
  6433 | D:5      | Identified the +3 leather armour "Poeth" {Rampage rF-
                  | Str+4}
  6448 | D:5      | Found a hazy altar of Hepliaklqana.
  6449 | D:5      | Found a shimmering altar of Xom.
  6475 | D:5      | Noticed a spectral ugly thing
  6571 | D:5      | Found an ancient bone altar of Kikubaaqudgha.
  6576 | D:5      | Found Fywoub's Assorted Antiques.
  6579 | D:5      | Bought a scroll labelled KATSADDISUH for 19 gold pieces
  6579 | D:5      | Bought a glowing ring mail for 133 gold pieces
  6638 | D:6      | Reached XP level 8. HP: 45/45 MP: 10/10
  6901 | D:6      | Noticed Edmund
  7169 | D:6      | Found a radiant altar of Vehumet.
  7193 | D:6      | Reached skill level 12 in Bows
  7336 | D:6      | Found an opulent altar of Gozag.
  7471 | D:6      | Killed Edmund
  7725 | D:4      | Killed Duvessa
  8733 | D:3      | Killed Crazy Yiuf
  8956 | D:3      | Found a broken altar of Ashenzari.
  9367 | D:3      | Paralysed by Grinder for 3 turns
  9388 | D:3      | Killed Grinder
  9389 | D:3      | Reached XP level 9. HP: 29/52 MP: 11/11
  9878 | D:7      | HP: 1/52 [something/ball of steam (20)]
  9879 | D:7      | Killed from afar by a steam dragon

Illustrated notes

Levels and vault maps discovered:
D:1:      ncdulo_halloftheorcs, layout_basic
D:2:      layout_basic, shapermc_ecumenical_altar_venn,
          minmay_fractal_squares_5, uniq_terence, uniq_robin
D:3:      layout_loops_corners, ashenzari_altar_1, st_stairs_9,
          nicolae_grassy_gnolls, uniq_grinder, uniq_crazy_yiuf_cottage,
          uniq_sigmund
D:4:      layout_layer_cave, elyvilon_altar_3, minmay_temple_entry_mist,
          kennysheep_generic_room_5, uniq_duvessa
D:5:      layout_loops_ring, regret_index_temple_of_mockery,
          general_overflow_altar, dk_yredelemnul_ordeal, serial_shops,
          nicolae_shop_behind_doors
D:6:      layout_basic, nicolae_vehumet_radiance,
          nicolae_gozag_cash_rules_everything_around_me, uniq_edmund
D:7:      layout_loops_ring, uniq_pikel

Skill      XL: |  1  2  3  4  5  6  7  8 |
---------------+-------------------------+-----
Bows           | 6 7 9 11 12 | 12.7
Evocations     | 2 4 |  4.7
Fighting       | 2 4 |  4.2
Armour         | 2 3 |  3.7
Dodging        | |  2.4
Stealth        | |  1.2

Action                   |  1- 3 |  4- 6 |  7- 9 || total
-------------------------+-------+-------+-------++-------
 Fire: Shortbow          |    96 |   125 |   295 ||   516
Invok: Curse Item        |       |       |     1 ||     1
Evoke: Wand              |       |     7 |     6 ||    13
  Use: Scroll            |     3 |     6 |     7 ||    16
       Potion            |     2 |     2 |     6 ||    10
Armor: Leather armour    |     4 |     5 |    11 ||    20
       Skin              |       |     2 |       ||     2
       Ring mail         |       |       |    38 ||    38
Dodge: Dodged            |    25 |    18 |    78 ||   121

Table legend: (Time is in decaauts)
 A = Elapsed time spent in this place.
 B = Non-inter-level travel time spent in this place.
 C = Inter-level travel time spent in this place.
 D = Time resting spent in this place.
 E = Time spent auto-exploring this place.
 F = Levels seen in this place.
 G = Mean time per level.
                   A        B        C        D        E       F      G
               +--------+--------+--------+--------+--------+-----+--------+
         Total |   9890 |   9166 |    724 |   2642 |   4903 |   7 | 1412.9 |
       Dungeon |   9890 |   9166 |    724 |   2642 |   4903 |   7 | 1412.9 |
               +--------+--------+--------+--------+--------+-----+--------+

Top non-repeatable levels by time:
     D:3: 3087 daAuts
     D:5: 1805 daAuts
     D:2: 1675 daAuts
     D:4: 1611 daAuts
     D:6: 926 daAuts
     D:1: 690 daAuts
     D:7: 93 daAuts
